 Dungeon Crawl Stone Soup version 0.18-a0-1273-g8ec5f8e (webtiles) character file.

47 Duffy the Conjurer (level 3, 0/19 HPs)
             Began as a Deep Elf Fire Elementalist on Feb 7, 2016.
             Slain by a gnoll
             ... wielding a +0 flail of protection
              (2 damage)
             ... on level 2 of the Dungeon.
             The game lasted 00:02:08 (1943 turns).

Duffy the Conjurer (Deep Elf Fire Elementalist)     Turns: 1943, Time: 00:02:08

Health: 0/19       AC:  2    Str:  5    XL:     3   Next: 48%
Magic:  9/9        EV: 10    Int: 19    God:
Gold:   90         SH:  0    Dex: 16    Spells: 2 memorised, 4 levels left

rFire  . . .     SeeInvis .     (no weapon)
rCold  . . .     Gourm    .     a - +0 robe
rNeg   . . .     Faith    .     (no shield)
rPois  .         Spirit   .     (no helmet)
rElec  .         Dismiss  .     (no cloak)
rCorr  .         Reflect  .     (no gloves)
SustAt .         Harm     .     (no boots)
MR     .....                    (no amulet)
Stlth  ++........               o - -3 ring of evasion (curse)
                                m - +2 ring of slaying

@: not resistant to hostile enchantments, unstealthy
A: no striking features
a: no special abilities


You were on level 2 of the Dungeon.
You were not hungry.

You visited 1 branch of the dungeon, and saw 2 of its levels.

You collected 90 gold pieces.


   Skills:
 - Level 2.4 Dodging
 - Level 2.4 Stealth
 + Level 3.2 Spellcasting
 * Level 3.5 Conjurations
 * Level 3.4 Fire Magic


You had 4 spell levels left.
You knew the following spells:

 Your Spells              Type           Power        Failure   Level  Hunger
a - Flame Tongue          Conj/Fire      ###..        4%          1    None
l - Conjure Flame         Conj/Fire      ###.....     12%         3    ###....

Inventory:

Missiles
 d - 7 poisoned needles
 i - 7 javelins (quivered)
Armour
 a - a +0 robe (worn)
Jewellery
 m - a +2 ring of slaying (left hand)
 o - a cursed -3 ring of evasion (right hand)
Wands
 q - a wand of paralysis (14/24)
Scrolls
 e - a scroll of remove curse {unknown}
 l - a scroll of enchant armour {unknown}
 n - a scroll of teleportation {unknown}
Potions
 f - a potion of lignification {unknown}
 g - a potion of flight {unknown}
 h - a potion of ambrosia {unknown}
 j - 2 potions of heal wounds {unknown}
 k - 2 potions of degeneration {unknown}
Books
 b - a book of Flames
Comestibles
 c - 3 bread rations
 p - a slice of pizza

Dungeon Overview and Level Annotations

Branches:
Dungeon (2/15)

Altars:
Pakellas


Message History

Aiming: Flame Tongue
Press: ? - help, Shift-Dir - straight line, f/p - giant newt
Aim: a giant newt The flame tongue hits the giant newt.
You kill the giant newt!
Cast which spell? (? or * to list)
You can't see any susceptible monsters within range! (Use Z to cast anyway.) Cast which spell? (? or * to list)
You can't see any susceptible monsters within range! (Use Z to cast anyway.) Cast which spell? (? or * to list)
You can't see any susceptible monsters within range! (Use Z to cast anyway.)
Your magical contamination has completely faded away.
HP restored.
You see here a giant newt corpse.
Found 18 stones.
q - a wand of paralysis A gnoll comes into view.
It is wielding a flail of protection.
The gnoll shouts!
A gnoll is nearby!
A gnoll is nearby!
Cast which spell? (? or * to list)
You can't see any susceptible monsters within range! (Use Z to cast anyway.)
A gnoll comes into view. It is wielding a spear.
The gnoll shouts!
The gnoll hits you with a flail of protection!
The gnoll closely misses you.
A gnoll comes into view. It is wielding a whip.
The gnoll hits you with a flail of protection.
The gnoll closely misses you.
The gnoll hits you with a flail of protection.
The gnoll hits you from afar with a spear.
The gnoll completely misses you. x2
The gnoll closely misses you.
The gnoll hits you with a flail of protection.
You die...

#####.### # #..#####%#.##
#.......# #. #..# #.#.#
#.......## ..##..#####.#.#
#.......##. #.##........#+##
#.......##. ##.##.#######...# #
#.......##.##...#.# ##..... ##
#.......##........# ##......
.####.......###.##....####.......
.+...........ggg@........'.......
.####....########.....####.......
## #........# ##.#.## ##...... #
#.##)###.# #.### ##..... #.##.##
#.# ##...# #.#...# #.# ##'##
#.#.#.# #.# #.# #.#...##.# #.#
#.# #####........# #.# #####%##


You could see 3 gnolls.

Action                   || total
-------------------------++-------
Throw: Javelin           ||     8
 Cast: Flame Tongue      ||    58
  Eat: Chunk             ||     3

Notes
Turn   | Place    | Note
--------------------------------------------------------------
     0 | D:1      | Duffy the Deep Elf Fire Elementalist began the quest for the Orb.
     0 | D:1      | Reached XP level 1. HP: 10/10 MP: 6/6
   262 | D:1      | Reached skill level 2 in Conjurations
   350 | D:1      | Reached XP level 2. HP: 6/15 MP: 1/8
  1133 | D:2      | Reached skill level 3 in Conjurations
  1307 | D:2      | Found an oddly glowing altar of Pakellas.
  1341 | D:2      | Reached XP level 3. HP: 19/19 MP: 4/9
  1528 | D:2      | Learned a level 3 spell: Conjure Flame
  1943 | D:2      | Slain by a gnoll

Vault maps used:
D:1:      lemuel_arrival_room
D:2:      overflow_temple_1_default, nicolae_ru_the_path_less_chosen

Vanquished Creatures
  An adder
  2 giant geckos
  3 goblins
  5 hobgoblins
  5 jackals
  3 kobolds
  A quokka
  9 bats
  3 giant newts
  2 rats
34 creatures vanquished.
